 Dungeon Crawl Stone Soup version 0.31-a0-986-g5e6e4ef867 (webtiles) character file.

Game seed: 12214423609847148112

8 Persephone the Ruffian (level 2, 0/18 HPs)
             Began as an Octopode Shapeshifter on Nov 7, 2023.
             Slain by a bat (1 damage)
             ... on level 1 of the Dungeon.
             The game lasted 00:00:43 (102 turns).

Persephone the Ruffian (Octopode Shapeshifter)       Turns: 102, Time: 00:00:43

Health: 0/18       AC:  1    Str: 13    XL:     2   Next: 8%
Magic:  2/2        EV: 13    Int: 12    God:
Gold:   0          SH:  0    Dex: 11    Spells: 1/1 levels left

rFire   . .          .
                       - Unarmed
rCold   . . .        (no shield)
rNeg    . . .        (helmet currently unavailable)
rPois   .            (no amulet)
rElec   .            (no ring)
rCorr   .            (no ring)
SInv    .            (no ring)
Will    .....        (no ring)
Stlth   ++           (no ring)
HPRegen 0.23/turn    (no ring)
MPRegen 0.08/turn    (no ring)
                     (no ring)

%: no passive effects
@: beast-form
A: beast (slay +1), almost no armour, amphibious, 8 rings, camouflage 1,
gelatinous body 1, (nimble swimmer 1), tentacles
a: Begin Untransformation


You were on level 1 of the Dungeon.
You were a hulking beast.
You visited 1 branch of the dungeon, and saw 1 of its levels.

Inventory:

Talismans
 b - a beast talisman
 c - a flux talisman
Potions
 a - a potion of lignification
 d - a potion of mutation {unknown}


   Skills:
 + Level 1.4 Fighting
 - Level 2.0 Dodging
 * Level 3.4 Unarmed Combat
 - Level 3.0 Shapeshifting


You had one spell level left.
You didn't know any spells.
Your spell library was empty.

Dungeon Overview and Level Annotations

Branches:
Dungeon (1/15)

Altars:


Innate Abilities, Weirdness & Mutations

You are a hulking beast.
Your limbs bulge with bestial killing power. (Slay +1)
You cannot wear most types of armour.
You are amphibious.
You can wear up to eight rings at the same time.
Your skin changes colour to match your surroundings (Stealth+).
Your rubbery body absorbs attacks. (AC +1, EV +1)
((You are camouflaged when in or above water. (Stealth+)))
You have tentacles for arms and can constrict up to eight enemies at once.


Message History

Lua - moving closer to ball python A ball python and a bat come into view.
The ball python hisses angrily.
Monster found x2; Killing and exploring; Evalutating dangerous sitituation Getting closest target; Target found Lua - initiating combat actions on ball python || reach is 1 Lua - moving closer to ball python 2 goblins come into view.
Lua - done fight_enemy() Monster found x4; Killing and exploring; Evalutating dangerous sitituation Auto kill stopped - Too dangerous: Extremely Dangerous (0) Dangerous (0) Easy (4) Harmless (0)
A hobgoblin comes into view.
You closely miss the ball python.
The goblin shouts!
You grab the ball python. You squeeze the ball python.
You kill the ball python!
The goblin shouts!
The bat hits you. The bat closely misses you. The bat closely misses you.
The goblin hits you with a +0 dagger.
You miss the goblin. You grab the goblin. You constrict the goblin.
The bat misses you. The goblin misses you. The hobgoblin closely misses you.
The goblin hits you with a +0 club.
You tentacle-slap the goblin.
You kill the goblin!
The bat closely misses you. The hobgoblin hits you.
The goblin closely misses you. The bat barely misses you.
You have reached level 2!
You tentacle-slap the hobgoblin. Your grab misses the hobgoblin.
The hobgoblin is moderately wounded.
The bat barely misses you. The hobgoblin closely misses you.
The goblin misses you.
You tentacle-slap the hobgoblin.
You kill the hobgoblin!
The bat hits you. The goblin hits you with a +0 club.
* * * LOW HITPOINT WARNING * * *
You tentacle-slap the goblin.
You kill the goblin!
The bat hits you.
You die...

...#.........#..♣.♣.♣.♣..#
.. #.8.#######...........#
. #...# ................#
##### ................#
................#
................#
..!........######
...........##
......bh....#
...?...).....#
........####..# .........
#.# .[>....!# ..?
........# .. ##......#
########


You could see a bat.

Vanquished Creatures
  A dart slug (D:1)
  A ball python (D:1)
  A bat (D:1)
  2 goblins (D:1)
  A hobgoblin (D:1)
6 creatures vanquished.

Notes
Turn   | Place    | Note
-------+----------+-------------------------------------------
     0 | D:1      | Persephone the Octopode Shapeshifter began the quest for
                  | the Orb.
     0 | D:1      | Reached XP level 1. HP: 13/13 MP: 1/1
   100 | D:1      | Reached XP level 2. HP: 6/18 MP: 2/2
   102 | D:1      | Slain by a bat

Illustrated notes

Levels and vault maps discovered:
D:1:      wander_arrival_estate, layout_rooms

Action                     || total
---------------------------++-------
  Melee: Unarmed           ||     9
         Constrict         ||     3
         Tentacles         ||     1
 Armour: Skin              ||    11
  Dodge: Dodged            ||    11

Table legend: (Time is in decaauts)
 A = Elapsed time spent in this place.
 B = Non-inter-level travel time spent in this place.
 C = Inter-level travel time spent in this place.
 D = Time resting spent in this place.
 E = Time spent auto-exploring this place.
 F = Levels seen in this place.
 G = Mean time per level.
                   A        B        C        D        E       F      G
               +--------+--------+--------+--------+--------+-----+--------+
         Total |    101 |    101 |      0 |      0 |     79 |   1 |  101.0 |
       Dungeon |    101 |    101 |      0 |      0 |     79 |   1 |  101.0 |
               +--------+--------+--------+--------+--------+-----+--------+

Top non-repeatable levels by time:
     D:1: 101 daAuts
